 Dungeon Crawl Stone Soup version 0.23.0-28-g6fe0f4d (webtiles) character file.

Game seed: 0

124973 nuthulu the Warrior (level 16, 0/188 HPs)
             Began as an Ogre Berserker on Feb 25, 2019.
             Was the Champion of Trog.
             Drowned by a drowned soul (15 damage)
             ... summoned by a merfolk avatar
             ... on level 1 of the Shoals.
             The game lasted 00:53:11 (26509 turns).

nuthulu the Warrior (Ogre Berserker)               Turns: 26509, Time: 00:53:12

Health: 0/188      AC: 27    Str: 30    XL:     16   Next: 94%
Magic:  16/16      EV: 13    Int: 14    God:    Trog [******]
Gold:   2268       SH:  0    Dex:  7    Spells: 15/15 levels left

rFire    + . .     SeeInvis +   F - +8 great mace "Lokobrih" {crush, Dex+2}
rCold    + + .     Gourm    +   (shield currently unavailable)
rNeg     + + .     Faith    .   g - +10 pearl dragon scales
rPois    .         Spirit   .   Q - +2 hat {SInv}
rElec    .         Reflect  .   q - +2 cloak {MR+}
rCorr    .         Harm     .   (gloves unavailable)
MR       ++...     Clarity  +   (boots unavailable)
Stlth    ..........             f - amulet of Waexkan {Gourm Int+4 Slay+2}
HPRegen  0.41/turn              V - ring "Hoeco" {rC++ rN+ Dex-3} (curse)
MPRegen  0.15/turn              j - ring of protection from fire

@: very slow
A: large, unfitting armour, fangs 1, clarity, clever 1, tough skin 1, wild magic
1
a: Berserk, Trog's Hand, Brothers in Arms, Renounce Religion


You were on level 1 of the Shoals.
You worshipped Trog.
Trog was exalted by your worship.
You were very full.

You visited 4 branches of the dungeon, and saw 24 of its levels.
You also visited: Gauntlet and Ice Cave.

You collected 2500 gold pieces.
You spent 232 gold pieces at shops.

Inventory:

Hand Weapons
 z - a +4 giant club
 F - the +8 great mace "Lokobrih" (weapon) {crush, Dex+2}
   (Trog gifted it to you on level 8 of the Dungeon)

   It inflicts extra damage upon your enemies.
   It affects your dexterity (+2).
 Z - a +6 antimagic giant spiked club
Missiles
 J - 2 throwing nets (quivered)
Armour
 g - +10 pearl dragon scales (worn)
 q - a +2 cloak of magic resistance (worn)
 M - +0 storm dragon scales
 Q - a +2 hat of see invisible (worn)
Jewellery
 b - an uncursed amulet of the gourmand
 d - a +3 ring of evasion
 f - the amulet of Waexkan (around neck) {Gourm Int+4 Slay+2}
   (You took it off a tengu warrior on level 13 of the Dungeon)

   [amulet of the gourmand]

   It allows you to eat raw meat even when not hungry.
   It affects your intelligence (+4).
   It affects your accuracy and damage with ranged weapons and melee attacks
   (+2).
 j - a ring of protection from fire (right hand)
 n - an uncursed ring of fire
 o - an uncursed amulet of the acrobat
 s - an uncursed amulet of faith
 w - a +2 ring of evasion
 E - a +4 ring of protection
 H - an uncursed ring of protection from fire
 R - a +5 amulet of reflection
 S - an uncursed amulet of guardian spirit
 V - the cursed ring "Hoeco" (left hand) {rC++ rN+ Dex-3}
   (You found it on level 13 of the Dungeon)

   [ring of dexterity]

   It affects your dexterity (-3).
   It greatly protects you from cold.
   It protects you from negative energy.
   It has a curse placed upon it.
Wands
 u - a wand of acid (22)
 A - a wand of digging (12)
 D - a wand of paralysis (15)
 I - a wand of flame (23)
 K - a wand of disintegration (7)
 X - a wand of iceblast (11)
Scrolls
 m - 16 scrolls of remove curse
 r - 4 scrolls of blinking
 t - 4 scrolls of magic mapping
 x - 6 scrolls of identify
 y - 6 scrolls of teleportation
 C - 2 scrolls of fear
 G - 2 scrolls of fog
 U - a scroll of holy word
Potions
 a - a potion of invisibility
 e - 7 potions of magic
 h - 4 potions of flight
 i - 5 potions of lignification
 k - 2 potions of berserk rage
 l - 3 potions of mutation
 p - 2 potions of curing
 v - 12 potions of heal wounds
 B - 4 potions of brilliance
 L - 5 potions of resistance
 N - a potion of haste
 O - 3 potions of might
 P - 3 potions of ambrosia
 T - a potion of agility
Comestibles
 c - 35 rations


   Skills:
 + Level 18.4 Fighting
 * Level 18.3 Maces & Flails
 + Level 3.9 Armour
 + Level 16.0 Dodging


You had 15 spell levels left.
You didn't know any spells.
Your spell library was empty.

Dungeon Overview and Level Annotations

Branches:
Dungeon (15/15)            Temple (0/1) D:5            Lair (6/6) D:8
 Shoals (1/4) Lair:3        Snake (0/4) Lair:4        Slime (0/5) Lair:5
    Orc (2/2) D:9             Elf (0/3) Orc:2        Vaults (0/5) D:13
 Depths (0/5) D:15

Altars:
Fedhas
Makhleb
Okawaru
Qazlal
Ru
Trog
Wu Jian
Xom
Yredelemnul
Beogh

Shops:
D:7 *   D:14 %   Orc:2 ([*=

Annotations:
D:5 3 runed translucent doors, HEYYEYAAE's ghost, novice OpHu
Lair:4 exclusion: 2 oklob plants


Innate Abilities, Weirdness & Mutations

You are too large for most types of armour.
You have tough skin. (AC +1)
You have very sharp teeth.
You possess an exceptional clarity of mind.
Your mind is acute. (Int +2)
Your spells are a little harder to cast, but a little more powerful.


Message History

You are more poisoned.
You barely miss the merfolk impaler. You bite the merfolk impaler.
The merfolk impaler is almost dead.
You feel sick.
The merfolk impaler hits you but does no damage.
You are more poisoned.
Unknown command.
You miss the merfolk impaler.
The merfolk impaler is almost dead.
You feel sick.
The merfolk impaler hits you but does no damage.
You are more poisoned.
The merfolk avatar chants a haunting song.
You are unaffected.
The merfolk impaler hits you with a +5 trident of venom!
* * * LOW HITPOINT WARNING * * *
You are more poisoned.
You feel better.
The drowned soul returns to the deep!
The drowned soul touches you. The drowned soul drowns you!
You die...

≈≈≈≈≈≈≈≈≈≈≈≈≈≈≈
≈≈≈≈≈≈≈≈≈≈≈≈≈≈≈≈≈≈≈.....
≈≈≈≈≈≈..≈≈≈≈≈≈≈≈≈≈≈.....
≈≈≈≈.........W≈≈≈≈≈≈....
≈≈≈....#...#.≈≈mW≈≈≈≈...
≈≈......§§≈..≈≈≈≈≈≈≈≈...
........≈§≈..≈≈≈≈≈≈≈≈≈..
.......)§§§..)≈Wm≈≈≈≈≈..
.....).#...#.)(≈@≈≈≈≈≈..
.......†.......≈≈≈≈.....
............(..≈≈≈......
....(....(.)............
.............#....#.....
..............§§§§.§....
...(..........§§§§§.....
...#...#......§§§§......
..).≈≈§.......≈≈≈≈...


You could see a merfolk avatar, a merfolk impaler and 3 drowned souls.

Vanquished Creatures
  A sphinx (D:15)
  A tengu reaver (D:12)
  Kirke (D:12)
  2 orc warlords (Orc:2)
  A minotaur (Gauntlet)
  An ettin (D:13)
  Snorg (D:13)
  Josephine (Lair:4)
  A yaktaur captain (D:12)
  2 fire dragons
  Fannar (D:10)
  A merfolk impaler (Shoals:1)
  8 hydras
  A death knight (D:11)
  Erica (Lair:1)
  2 centaur warriors
  13 two-headed ogres
  A merfolk avatar (Shoals:1)
  A merfolk aquamancer (Shoals:1)
  6 death yaks (Lair:6)
  2 tengu warriors (D:13)
  2 ogre magi
  Urug (Lair:6)
  4 orc high priests (Orc:2)
  2 deep elf knights
  A skeletal warrior (D:13)
  4 unseen horrors
  A swamp dragon (Lair:6)
  2 sea snakes (Shoals:1)
  2 phantasmal warriors
  5 orc knights
  3 wizards (D:15)
  5 orc sorcerers
  6 cyclopes
  8 fauns (Shoals:1)
  8 deep elf magi
  6 ugly things
  4 manticores
  11 elephants (Lair:6)
  Joseph (D:7)
  4 black mambas
  An apocalypse crab (Gauntlet)
  3 ice statues (IceCv)
  5 merfolk sirens (Shoals:1)
  10 spiny frogs
  2 gargoyles
  A molten gargoyle (D:14)
  A torpor snail (Lair:4)
  4 rime drakes
  9 komodo dragons
  A kobold demonologist (D:15)
  2 freezing wraiths (D:11)
  2 efreet (D:15)
  2 tengu conjurers (D:13)
  8 trolls
  A queen bee (Gauntlet)
  A wind drake (Shoals:1)
  5 merfolk (Shoals:1)
  Prince Ribbit (D:7)
  A hornet (D:8)
  A raiju (shapeshifter) (D:15)
  A harpy skeleton (D:14)
  3 blink frogs (Lair:2)
  8 dream sheep (Lair:4)
  5 slime creatures
  A snapping turtle (Shoals:1)
  12 hippogriffs
  2 shadows
  8 water elementals
  8 wraiths
  25 yaks
  3 hogs (D:12)
  3 hungry ghosts
  Grum (D:10)
  8 vampire mosquitoes
  3 wyverns
  6 basilisks
  4 steam dragons (Lair:6)
  4 nagas (Lair:4)
  A warg (Orc:2)
  8 acid dragons
  5 porcupines
  A water moccasin (shapeshifter) (D:15)
  11 water moccasins
  5 sky beasts
  A black bear (D:10)
  41 orc warriors
  A hornet zombie (D:11)
  21 ice beasts
  An eye of draining (D:15)
  4 phantoms
  18 ogres
  12 wolves
  A necrophage (D:7)
  19 centaurs
  5 crocodiles
  Blork the orc (D:5)
  4 big kobolds
  18 bullfrogs
  A gnoll sergeant (D:5)
  A scorpion (D:13)
  4 killer bees
  24 wights
  2 electric eels
  4 howler monkeys
  7 crimson imps
  9 centaur zombies
  4 hounds
  7 bullfrog skeletons
  18 orc priests
  Crazy Yiuf (D:3)
  6 centaur skeletons
  28 jellies
  9 iguanas
  Jessica (D:2)
  23 orc wizards
  9 worker ants
  Natasha (twice) (D:2)
  A hound zombie (D:11)
  A hound skeleton (D:8)
  A howler monkey zombie (D:10)
  A worker ant zombie (D:8)
  12 adders
  4 shadow imps
  15 oozes
  3 adder zombies
  2 worms
  4 dart slugs
  6 leopard geckos
  79 orcs
  4 ball pythons
  3 giant cockroaches
  5 goblins
  7 hobgoblins
  2 jackals (D:3)
  6 quokkas
  10 bats
  3 frilled lizards
  10 kobolds
  A leopard gecko zombie (D:8)
  2 quokka skeletons
  A quokka zombie (D:8)
  11 rats
827 creatures vanquished.

Vanquished Creatures (collateral kills)
  An orc wizard (D:10)
  An orc priest (D:10)
  2 orcs (D:10)
4 creatures vanquished.

Vanquished Creatures (others)
  A wizard (D:15)
  A scorpion (D:12)
  Natasha (D:2)
  2 orcs
  16 fungi
  16 plants
37 creatures vanquished.

Grand Total: 868 creatures vanquished

Notes
Turn   | Place    | Note
-------+----------+-------------------------------------------
     0 | D:1      | nuthulu the Ogre Berserker began the quest for the Orb.
     0 | D:1      | Reached XP level 1. HP: 24/24 MP: 1/1
   193 | D:1      | Reached XP level 2. HP: 31/32 MP: 2/2
   697 | D:2      | Noticed Natasha
   711 | D:2      | Killed Natasha
   711 | D:2      | Reached skill level 1 in Armour
   711 | D:2      | Reached XP level 3. HP: 31/40 MP: 3/3
   860 | D:2      | Reached XP level 4. HP: 48/49 MP: 4/4
   867 | D:2      | Noticed Jessica
   872 | D:2      | Killed Jessica
   942 | D:2      | Reached ** piety under Trog
  1190 | D:2      | Reached skill level 5 in Fighting
  1222 | D:2      | Reached XP level 5. HP: 51/57 MP: 5/5
  1520 | D:2      | Noticed Natasha
  1531 | D:2      | Killed Natasha
  1549 | D:2      | Killed Natasha
  1778 | D:3      | Found a faded altar of an unknown god.
  1889 | D:3      | Found a runed translucent door.
  1890 | D:3      | Noticed Crazy Yiuf
  1896 | D:3      | Killed Crazy Yiuf
  1983 | D:3      | Reached XP level 6. HP: 66/66 MP: 6/6
  2130 | D:3      | Found a bloodstained altar of Trog.
  2354 | D:3      | Reached *** piety under Trog
  2519 | D:4      | Noticed a phantom
  2648 | D:4      | Killed a phantom
  2694 | D:4      | Reached XP level 7. HP: 75/75 MP: 7/7
  2958 | D:3      | Reached skill level 5 in Maces & Flails
  3223 | D:4      | Found a burning altar of Makhleb.
  3223 | D:4      | Found an iron altar of Okawaru.
  3339 | D:4      | Found an ornate altar of the Wu Jian Council.
  3358 | D:5      | Entered Level 5 of the Dungeon
  3517 | D:5      | Reached XP level 8. HP: 87/87 MP: 8/8
  3668 | D:5      | Reached skill level 5 in Dodging
  3731 | D:5      | Found a staircase to the Ecumenical Temple.
  4152 | D:5      | Noticed Blork the orc
  4158 | D:5      | Killed Blork the orc
  4263 | D:5      | Found a runed translucent gate.
  4263 | D:5      | Found a runed translucent gate.
  4265 | D:5      | Found a runed translucent gate.
  4265 | D:5      | Noticed HEYYEYAAE's ghost (novice OpHu)
  4517 | D:6      | Reached XP level 9. HP: 94/96 MP: 9/9
  4531 | D:6      | Reached **** piety under Trog
  5241 | D:7      | Noticed a troll
  5257 | D:7      | Killed a troll
  5740 | D:7      | Noticed Prince Ribbit
  5774 | D:7      | Killed Prince Ribbit
  6218 | D:7      | Reached XP level 10. HP: 110/110 MP: 10/10
  6284 | D:7      | Noticed Joseph
  6305 | D:7      | Killed Joseph
  6305 | D:7      | Reached skill level 10 in Fighting
  6309 | D:7      | Found Esyonemu's Assorted Antiques.
  6319 | D:7      | Found a shimmering altar of Xom.
  6319 | D:7      | Found a stormy altar of Qazlal.
  6321 | D:7      | Bought a scroll of enchant weapon for 232 gold pieces
  6886 | D:8      | Found a staircase to the Lair.
  7039 | D:8      | Reached ***** piety under Trog
  7039 | D:8      | Reached skill level 10 in Maces & Flails
  7081 | D:8      | Received a gift from Trog
  7082 | D:8      | Got a slimy great mace {god gift}
  7089 | D:8      | Identified the +8 great mace "Lokobrih" {crush, Dex+2}
                  | (Trog gifted it to you on level 8 of the Dungeon)
  7373 | D:9      | Found a staircase to the Orcish Mines.
  7552 | D:9      | Found a blossoming altar of Fedhas.
  7554 | D:9      | Gained mutation: You are agile. (Dex +2) [potion of
                  | mutation]
  7554 | D:9      | Gained mutation: You have very sharp teeth. [potion of
                  | mutation]
  7929 | D:10     | Entered Level 10 of the Dungeon
  7976 | D:10     | Reached skill level 10 in Dodging
  8057 | D:10     | Lost mutation: You are agile. (Dex +2) [potion of mutation]
  8057 | D:10     | Gained mutation: Your mind is acute. (Int +2) [potion of
                  | mutation]
  8057 | D:10     | Gained mutation: You possess an exceptional clarity of
                  | mind. [potion of mutation]
  8057 | D:10     | Gained mutation: Your spells are a little harder to cast,
                  | but a little more powerful. [potion of mutation]
  8076 | D:10     | Noticed Grum
  8088 | D:10     | Killed Grum
  8088 | D:10     | Reached XP level 11. HP: 120/120 MP: 11/11
  8109 | D:10     | Noticed a two-headed ogre
  8118 | D:10     | Killed a two-headed ogre
  8425 | D:10     | Identified the cursed +2 dagger of Okawaru's Esteem {speed,
                  | rElec rC- MR- Dex+7}
  8474 | D:10     | Noticed Fannar
  8502 | D:10     | Killed Fannar
  8738 | D:11     | Noticed a phantasmal warrior
  8752 | D:10     | Killed a phantasmal warrior
  8882 | D:11     | Noticed a death knight
  8886 | D:11     | Killed an unseen horror
  9216 | Lair:1   | Entered Level 1 of the Lair of Beasts
  9475 | Lair:1   | Noticed Erica
  9485 | Lair:1   | Killed Erica
  9746 | Lair:1   | Reached XP level 12. HP: 133/133 MP: 12/12
 11071 | Lair:3   | Noticed a seven-headed hydra
 11080 | Lair:3   | Killed a seven-headed hydra
 11086 | Lair:3   | Noticed a seven-headed hydra
 11097 | Lair:3   | Killed a seven-headed hydra
 11285 | Lair:3   | Found a staircase to the Shoals.
 11312 | Lair:3   | Noticed a five-headed hydra
 11317 | Lair:3   | Killed a five-headed hydra
 11321 | Lair:3   | Found a gate leading to a gauntlet.
 11327 | Gauntlet | Entered a Gauntlet
 11327 | Gauntlet | Found a transporter.
 11327 | Gauntlet | Found a transporter.
 11327 | Gauntlet | Found a transporter.
 11338 | Gauntlet | Found a transporter.
 11381 | Gauntlet | Found a transporter.
 11382 | Gauntlet | Found a transporter.
 11531 | Gauntlet | Found a transporter.
 11560 | Gauntlet | Found a transporter.
 11570 | Gauntlet | Identified the +5 short sword of Cifofobuke {freeze, rF-
                  | Int+5}
 11570 | Gauntlet | Noticed a minotaur
 11579 | Gauntlet | Killed a minotaur
 11587 | Gauntlet | Identified Metuemynt's Almanac of the Mutagenic Glacier
 11600 | Gauntlet | Identified Sif Muna's Collected Works on the Venomous
                  | Glacier
 12694 | Lair:4   | Reached XP level 13. HP: 129/145 MP: 13/13
 13182 | Lair:4   | Noticed Josephine
 13205 | Lair:4   | Killed Josephine
 13270 | Lair:4   | Found a staircase to the Snake Pit.
 13688 | Lair:4   | Noticed a fire dragon
 13698 | Lair:4   | Killed a fire dragon
 13962 | Lair:5   | Found a staircase to the Slime Pits.
 14564 | Lair:6   | Entered Level 6 of the Lair of Beasts
 14716 | Lair:6   | Noticed Urug
 14743 | Lair:6   | Received a gift from Trog
 14761 | Lair:6   | Killed Urug
 14761 | Lair:6   | Reached skill level 15 in Fighting
 15180 | Lair:6   | Reached XP level 14. HP: 57/159 MP: 14/14
 15183 | Lair:6   | Reached skill level 15 in Maces & Flails
 17667 | D:11     | Received a gift from Trog
 17890 | D:12     | Noticed Kirke
 17906 | D:12     | Killed Kirke
 18930 | D:12     | Noticed a sphinx
 18930 | D:12     | Noticed a tengu reaver
 18947 | D:12     | Killed a tengu reaver
 18947 | D:12     | Reached XP level 15. HP: 108/171 MP: 13/15
 18965 | D:12     | Identified the Papyrus of Ignition and Black Rituals
 19235 | D:13     | Found a blossoming altar of Fedhas.
 19356 | D:13     | Found a runed translucent door.
 19365 | D:13     | Received a gift from Trog
 19415 | D:13     | Reached skill level 15 in Dodging
 19465 | D:13     | Identified the amulet of Waexkan {Gourm Int+4 Slay+2}
 19726 | D:13     | Noticed Snorg
 19734 | D:13     | Killed Snorg
 20104 | D:13     | Found a gate to the Vaults.
 20409 | D:13     | Got a brightly glowing lead ring
 20411 | D:13     | Identified the ring of Past Mistakes {Wiz +Blink Str+3}
                  | (You found it on level 13 of the Dungeon)
 20436 | D:13     | Got a sparkling turquoise ring
 20439 | D:13     | Got a scorched turquoise ring
 20531 | D:13     | Identified the ring "Tuequife" {Str+5 Int+3 Dex-3} (You
                  | found it on level 13 of the Dungeon)
 20533 | D:13     | Identified the cursed ring "Hoeco" {rC++ rN+ Dex-3} (You
                  | found it on level 13 of the Dungeon)
 20645 | D:14     | Found a frozen archway.
 20674 | IceCv    | Entered an ice cave
 20780 | IceCv    | Received a gift from Trog
 21460 | D:14     | Found Pigiteqa's Food Boutique.
 22025 | D:15     | Entered Level 15 of the Dungeon
 22040 | D:15     | Reached ****** piety under Trog
 22043 | D:15     | Reached XP level 16. HP: 163/184 MP: 16/16
 22540 | D:15     | Killed a sphinx
 22587 | D:15     | Found a staircase to the Depths.
 22732 | D:15     | Found a basalt altar of Yredelemnul.
 22748 | D:15     | Found a sacrificial altar of Ru.
 23092 | D:15     | Received a gift from Trog
 23320 | Orc:1    | Entered Level 1 of the Orcish Mines
 23455 | Orc:2    | Entered Level 2 of the Orcish Mines
 24355 | Orc:2    | Received a gift from Trog
 24748 | Orc:2    | Found Wisulev's Antique Armour Shop.
 24749 | Orc:2    | Found Jireigin's Antique Weapon Shop.
 24750 | Orc:2    | Found Omeph's General Store.
 24750 | Orc:2    | Found Heotuc's Jewellery Boutique.
 24874 | Orc:2    | Found a roughly hewn altar of Beogh.
 24901 | Orc:2    | Found a staircase to the Elven Halls.
 25677 | Shoals:1 | Entered Level 1 of the Shoals
 26207 | Shoals:1 | Received a gift from Trog
 26508 | Shoals:1 | HP: 9/188 [merfolk impaler/+5 trident of venom (15)]
 26509 | Shoals:1 | Drowned by a drowned soul

Skill      XL: |  1  2  3  4  5  6  7  8  9 10 11 12 13 14 15 16 |
---------------+-------------------------------------------------+-----
Maces & Flails | 3 4 6 7 9 10 12 13 14 16 17 18 | 18.3
Armour         | 1 3 |  3.9
Dodging        | 3 4 6 8 10 11 13 14 15 16 | 16.0
Fighting       | 5 6 7 8 9 11 12 13 15 16 17 18 | 18.4

Action                   |  1- 3 |  4- 6 |  7- 9 | 10-12 | 13-15 | 16-18 || total
-------------------------+-------+-------+-------+-------+-------+-------++-------
Melee: Mace              |    50 |   189 |       |       |       |       ||   239
       Flail             |       |    46 |   122 |       |       |       ||   168
       Giant club        |       |       |   332 |    93 |       |       ||   425
       Great mace        |       |       |       |   322 |   879 |   501 ||  1702
       Bite              |       |       |       |    27 |   113 |    69 ||   209
Invok: Berserk           |     1 |     2 |     1 |     1 |     2 |     1 ||     8
       Trog's Hand       |       |     1 |     2 |    10 |     5 |     3 ||    21
       Brothers in Arms  |       |       |       |     1 |       |       ||     1
Evoke: Wand              |       |       |       |       |       |     1 ||     1
  Use: Scroll            |     4 |     4 |    13 |    18 |    10 |     1 ||    50
       Potion            |       |       |     1 |     3 |     5 |     2 ||    11
  Eat: Chunk             |     1 |     8 |    10 |    12 |    20 |    21 ||    72
       Ration            |       |       |     1 |     5 |     5 |       ||    11
Armor: Animal skin       |     4 |       |       |       |       |       ||     4
       Pearl dragon scal |    31 |   230 |   256 |   261 |   501 |   337 ||  1616
       Skin              |       |       |     3 |       |       |       ||     3
Dodge: Dodged            |    31 |   173 |   286 |   325 |   798 |   406 ||  2019
Block: Other             |       |     8 |    29 |    29 |   114 |       ||   180
       Reflection        |       |       |       |     2 |     4 |       ||     6
